 Dungeon Crawl Stone Soup version 0.30.1-11-g7821555f0a (webtiles) character file.

Game seed: 5067993630704139849

869 Curundu the Cudgeller (level 7, -8/54 (62) HPs)
             Began as a Minotaur Berserker on Nov 7, 2023.
             Was a Priest of Trog.
             Mangled by a wight
             ... wielding a +1 great sword
              (17 damage)
             ... on level 6 of the Dungeon.
             The game lasted 00:46:40 (5452 turns).

Curundu the Cudgeller (Minotaur Berserker)          Turns: 5452, Time: 00:46:40

HP:   -8/54 (62)    AC: 12    Str: 23    XL:     7   Next: 73%
MP:   6/6           EV:  8    Int:  4    God:    Trog [***...]
Gold: 302           SH:  0    Dex: 16    Spells: 6/6 levels left

rFire   . . .        I - +1 dire flail (holy)
rCold   . . .        (shield currently unavailable)
rNeg    . . .        s - +0 plate armour
rPois   .            (helmet restricted)
rElec   .            H - scarf {+Inv}
rCorr   .            (no gloves)
SInv    .            (no boots)
Will    .....        (no amulet) Stlth
                     D - +6 ring of dexterity
HPRegen 0.29/turn    j - ring of flight
MPRegen 0.10/turn

%: no passive effects
@: flying, heavily drained
A: horns 2, retaliatory headbutt
a: Renounce Religion, Evoke Invisibility, Berserk, Trog's Hand


You were on level 6 of the Dungeon.
You worshipped Trog.
Trog was most pleased with you.
You visited 2 branches of the dungeon, and saw 7 of its levels.

You collected 302 gold pieces.

Inventory:

Hand Weapons
 e - a +0 dagger
 f - a +0 mace
 x - a +0 hand axe
 I - a +1 dire flail of holy wrath (weapon)
Missiles
 m - 3 silver javelins (quivered)
Armour
 b - a +0 animal skin
 i - a +0 ring mail
 s - a +0 plate armour (worn)
 v - a scarf of shadows
 H - a scarf of invisibility (worn)
Magical Staves
 A - a staff of cold
Jewellery
 g - a ring of magical power
 j - a ring of flight (right hand)
 p - a ring of resist corrosion
 D - a +6 ring of dexterity (left hand)
Scrolls
 c - 2 scrolls of silence {unknown}
 d - 3 scrolls of vulnerability {unknown}
 h - 8 scrolls of identify {unknown}
 k - a scroll of summoning {unknown}
 l - 2 scrolls of teleportation {unknown}
 q - a scroll of noise {unknown}
 t - 2 scrolls of brand weapon {unknown}
 w - a scroll of fog {unknown}
 y - a scroll of enchant armour {unknown}
 B - a scroll of enchant weapon {unknown}
 C - a scroll of magic mapping {unknown}
 E - a scroll of immolation {unknown}
 G - 2 scrolls of fear {unknown}
Potions
 a - a potion of heal wounds {unknown}
 n - 3 potions of curing {unknown}
 o - a potion of degeneration {unknown}
 r - a potion of lignification {unknown}
 u - 2 potions of brilliance {unknown}
 z - a potion of cancellation {unknown}
 F - a potion of might {unknown}


   Skills:
 + Level 5.6 Fighting
 + Level 4.3 Long Blades
 + Level 6.6 Maces & Flails
 + Level 5.2 Armour
 + Level 3.8 Dodging
 + Level 0.8 Stealth
 + Level 1.0 Unarmed Combat


You had 6 spell levels left.
You didn't know any spells.
Your spell library contained the following spells:

 Spells                   Type           Power      Damage    Failure   Level
 Spider Form              Tmut/Pois      0%         N/A       100%        3
 Manifold Assault         Tloc           0%         N/A       100%        4


Dungeon Overview and Level Annotations

Branches:
Dungeon (6/15)             Temple (1/1) D:5

Altars:
Ashenzari
Cheibriados
Elyvilon
Fedhas
Gozag
Makhleb
Nemelex Xobeh
Okawaru
Qazlal
Ru
Sif Muna
Trog
Xom
Yredelemnul
Zin
The Shining One

Shops:
D:1 (   D:2 *

Annotations:
Temple 4 transporters


Innate Abilities, Weirdness & Mutations

You have a pair of horns on your head.
You reflexively headbutt those who attack you in melee.


Message History

The wight freezes you.
Things that are here:
a +1 long sword of freezing; a +0 robe You hit the wight but do no damage.
You headbutt the wight!
The wight is severely damaged.
The wight hits you with a +2 spear of freezing.
The wight freezes you.
You closely miss the wight.
The wight is severely damaged.
The wight hits you with a +2 spear of freezing.
The wight freezes you.
You hit the wight.
You destroy the wight!
Trog accepts your kill.
You hit the wight.
The wight convulses.
You headbutt the wight!
The wight is severely damaged.
The wight hits you with a +6 flail!
You feel drained.
A wight comes into view. It is wielding a +1 great sword.
You closely miss the wight.
The wight is severely damaged.
The wight hits you with a +6 flail.
You feel drained.
You hit the wight but do no damage. Your headbutt misses the wight.
The wight is severely damaged.
The wight hits you but does no damage.
The wight hits you from afar with a +0 spear.
You feel drained.
You hit the wight but do no damage.
The wight is severely damaged.
The wight hits you with a +6 flail!
* * * LOW HITPOINT WARNING * * *
You feel drained.
* * * LOW HITPOINT WARNING * * *
The wight hits you from afar with a +0 spear.
* * * LOW HITPOINT WARNING * * *
You feel drained.
You closely miss the wight. Your headbutt misses the wight.
The wight is severely damaged.
The wight hits you but does no damage.
The wight hits you with a +1 great sword!
You die...

#....#######...#.....#.#
#....# #....#.~~~.#..
#....# ##.#.#~...~#
#....# #.#.#~._.~#
#....# #.#.#~...~#
#....# #)#.#z~~~.#
############.#.#.....# #
.............##z#zz.#
#+#.
............####@#.#
....#### ............#
##.# ........
............# ##.#
........ #############
## ........ #....#
..#..#.# #....# #.......
#....# ##### #....#.#
#....# ###...###.......
#....# #.........#..#.#


You could see 3 wights.

Vanquished Creatures
  Edmund (D:6)
  2 phantoms
  2 scorpions (D:5)
  3 wights (D:6)
  A howler monkey (D:4)
  A hound (D:6)
  2 jellies (D:6)
  3 orc wizards
  4 adders
  A shadow imp (D:6)
  A white imp (D:5)
  A worm (D:2)
  2 dart slugs (D:2)
  10 orcs
  4 ball pythons
  4 bats
  3 endoplasms
  5 giant cockroaches
  5 goblins
  6 hobgoblins
  3 jackals (D:4)
  2 quokkas
  7 frilled lizards
  4 kobolds
  12 rats
89 creatures vanquished.

Notes
Turn   | Place    | Note
-------+----------+-------------------------------------------
     0 | D:1      | Curundu the Minotaur Berserker began the quest for the Orb.
     0 | D:1      | Reached XP level 1. HP: 19/19 MP: 0/0
   203 | D:1      | Found Wesaakhe's Weapon Emporium.
   512 | D:1      | Reached XP level 2. HP: 24/26 MP: 1/1
   873 | D:2      | Reached skill level 1 in Unarmed Combat
   878 | D:2      | Reached XP level 3. HP: 10/33 MP: 2/2
  1027 | D:2      | Reached ** piety under Trog
  1104 | D:2      | Found Eruradush's General Store.
  1378 | D:2      | Reached skill level 1 in Maces & Flails
  2422 | D:4      | Found an iron altar of Okawaru.
  2425 | D:4      | Found a shimmering blue altar of Sif Muna.
  2478 | D:4      | Found a snail-covered altar of Cheibriados.
  2480 | D:4      | Found a sparkling altar of Nemelex Xobeh.
  2521 | D:4      | Reached XP level 4. HP: 40/40 MP: 3/3
  2600 | D:4      | Reached skill level 2 in Maces & Flails
  3758 | D:5      | Entered Level 5 of the Dungeon
  3797 | D:5      | Noticed a scorpion
  3804 | D:5      | Killed a scorpion
  3805 | D:5      | Reached skill level 3 in Maces & Flails
  3805 | D:5      | Reached XP level 5. HP: 42/47 MP: 4/4
  3810 | D:5      | Reached *** piety under Trog
  3854 | D:5      | Found a shimmering altar of Xom.
  3882 | D:5      | Found a staircase to the Ecumenical Temple.
  3892 | Temple   | Entered the Ecumenical Temple
  3893 | Temple   | Found a transporter.
  3893 | Temple   | Found a transporter.
  3895 | Temple   | Found a transporter.
  3895 | Temple   | Found a transporter.
  3947 | D:5      | Reached skill level 4 in Maces & Flails
  3947 | D:5      | Reached XP level 6. HP: 48/53 MP: 5/5
  4375 | D:5      | Found a broken altar of Ashenzari.
  4816 | D:6      | Reached skill level 5 in Fighting
  4908 | D:6      | Reached skill level 5 in Maces & Flails
  4950 | D:6      | Got Sif Muna's Vellum of Mutable Correspondence
  4973 | D:6      | Reached XP level 7. HP: 56/61 MP: 6/6
  5118 | D:6      | Found a sacrificial altar of Ru.
  5179 | D:6      | Noticed Edmund
  5196 | D:6      | Killed Edmund
  5197 | D:6      | Reached skill level 6 in Maces & Flails
  5197 | D:6      | Reached skill level 5 in Armour
  5452 | D:6      | Mangled by a wight

Illustrated notes

Levels and vault maps discovered:
D:1:      saegor_arrival_fortress, layout_basic, serial_shops,
          nicolae_square_shop, minmay_crystal_water, kennysheep_pointless_box
D:2:      layout_loops_ring, serial_shops, nicolae_shop_tiny_real_fake_doors,
          hangedman_feature_mirror, minmay_rat_gold_closets
D:3:      layout_basic
D:4:      layout_basic, nicolae_overflow_hidden_temple
D:5:      layout_basic, mainiacjoe_overflow_surrounded_room,
          mainiacjoe_overflow_alcove_4, minmay_temple_entry_junction
D:6:      layout_basic, nicolae_ru_awakened_eye, eat_drink_and_be_merry_uskayaw,
          serial_co_window_serial, co_window_corner_a, co_window_paths_a,
          co_window_paths_b, co_window_corner_a, co_window_paths_b,
          co_window_cross_4, co_window_broadway_b, co_window_unsneaky_path_b,
          co_window_2corner, co_window_corner_ca, co_window_paths_c,
          glass_columns_b, glass_columns_b, glass_columns_c, glass_columns_a,
          glass_columns_a, abandoned_shop, uniq_edmund
Temple:   hellmonk_temple_divided_pantheon

Skill      XL: |  1  2  3  4  5  6  7 |
---------------+----------------------+-----
Long Blades    | 4 |  4.3
Unarmed Combat | 1 |  1.0
Dodging        | 3 |  3.8
Maces & Flails | 1 3 4 5 6 |  6.6
Fighting       | 4 5 |  5.6
Armour         | 3 4 5 |  5.2
Stealth        | |  0.8

Action                     |  1- 3 |  4- 6 |  7- 9 || total
---------------------------+-------+-------+-------++-------
  Melee: Unarmed           |    24 |       |       ||    24
         Mace              |    95 |    95 |    23 ||   213
         Headbutt          |    12 |    13 |     9 ||    34
         Punch             |     1 |       |       ||     1
         Dire flail        |       |       |     9 ||     9
   Stab: Sleeping          |     1 |       |       ||     1
 Armour: Animal skin       |    14 |       |       ||    14
         Ring mail         |    21 |       |       ||    21
         Plate armour      |    12 |    89 |     7 ||   108
  Dodge: Dodged            |    90 |    36 |    10 ||   136
